 Dungeon Crawl Stone Soup version 0.18-a0-1180-g64ccc1e (webtiles) character file.

4 namelastname112 the Scratcher (level 1, -1/9 HPs)
             Began as a Felid Transmuter on Jan 27, 2016.
             Slain by a hobgoblin (5 damage)
             ... on level 1 of the Dungeon.
             The game lasted 00:00:19 (170 turns).

namelastname112 the Scratcher (Felid Transmuter)     Turns: 170, Time: 00:00:19

Health: -1/9       AC:  1    Str:  6    XL:     1   Next: 50%
Magic:  4/4        EV: 18    Int: 14    God:
Gold:   24         SH:  0    Dex: 16    Spells: 1 memorised, 3 levels left
                                        Lives:  0   Deaths: 0

rFire  . . .     SeeInvis +       - Unarmed
rCold  . . .     Gourm    .     (armour unavailable)
rNeg   . . .     Faith    .     (shield unavailable)
rPois  .         Spirit   .     (helmet unavailable)
rElec  .         Dismiss  .     (cloak unavailable)
rCorr  .         Reflect  .     (gloves unavailable)
SustAt .         Harm     .     (boots unavailable)
MR     .....                    (no amulet)
Stlth  ++........               (no ring)
                                (no ring)

@: quick, not resistant to hostile enchantments, unstealthy
A: no armour, no weapons or thrown items, claws 1, fangs 3, see invisible,
carnivore 3, speed 1, shaggy fur 1, slow metabolism 1, sharp paws
a: no special abilities


You were on level 1 of the Dungeon.
You were not hungry.

You visited 1 branch of the dungeon, and saw 1 of its levels.

You collected 24 gold pieces.

Inventory:

Missiles
 a - 12 arrows
Scrolls
 d - a scroll of immolation {unknown}
 e - 2 scrolls of identify {unknown}
Books
 b - a book of Changes

   Spells                             Type                      Level
   a - Beastly Appendage              Transmutation                1
   b - Sticks to Snakes               Transmutation                2
   c - Spider Form                    Transmutation/Poison         3
   d - Ice Form                       Ice/Transmutation            4
   e - Blade Hands                    Transmutation                5
Comestibles
 c - a meat ration


   Skills:
 + Level 1.1 Fighting
 + Level 2.8 Dodging
 + Level 3.1 Unarmed Combat
 * Level 2.0 Spellcasting
 * Level 2.3 Transmutations


You had 3 spell levels left.
You knew the following spells:

 Your Spells              Type           Power        Failure   Level  Hunger
a - Beastly Appendage     Trmt           #.....       12%         1    ##.....


Dungeon Overview and Level Annotations

Branches:
Dungeon (1/15)

Altars:


Innate Abilities, Weirdness & Mutations

You cannot wear armour.
You are incapable of wielding weapons or throwing items.
You have sharp claws.
You have razor-sharp teeth.
You have supernaturally acute eyesight.
You are carnivorous and can eat meat at any time.
You cover ground quickly.
You are covered in fur (AC +1).
You have a slow metabolism.
Your sharp claws are effective at attacking unaware monsters.


Message History

You now have 24 gold pieces (gained 12).
A hobgoblin and a kobold come into view.
A bat comes into view.
The hobgoblin shouts!
The bat moves out of view.
The kobold closely misses you.
Found 8 gold pieces.
You miss the kobold. The kobold barely misses you.
You closely miss the kobold. The kobold completely misses you.
You scratch the hobgoblin but do no damage.
The hobgoblin completely misses you. The kobold barely misses you.
You barely miss the hobgoblin. The hobgoblin misses you.
The kobold completely misses you.
You closely miss the hobgoblin. The hobgoblin completely misses you.
The kobold hits you with a short sword.
You closely miss the hobgoblin. The hobgoblin hits you.
You closely miss the hobgoblin. The kobold barely misses you.
The hobgoblin hits you.
Ouch! That really hurt!
You die...

...$ #.. .... #..# .....
#... .... #.. ...
####..####.# .........K.#
## #....g@..# ..
##.>.....# .### #.......#
..# #.......# #.##
###.#.### ### ### ##..#
#..#.#8###8###8###
#...####.##.............#
#.#.....................#
#'####..................#


You could see a hobgoblin and a kobold.

Vanquished Creatures
  A bat (D:1)
  A giant cockroach (D:1)
  A goblin (D:1)
3 creatures vanquished.

Notes
Turn   | Place    | Note
--------------------------------------------------------------
     0 | D:1      | namelastname112 the Felid Transmuter began the quest for the Orb.
     0 | D:1      | Reached XP level 1. HP: 9/9 MP: 4/4
   170 | D:1      | Slain by a hobgoblin

Vault maps used:
D:1:      mrwooster_arrival_arrow, serial_corexii_hall, corexii_hall_statues_i,
          corexii_hall_statues_s, minmay_misc_feat_ornament

Action                   || total
-------------------------++-------
Melee: Unarmed           ||    18
